[Event "Titled Tuesday Blitz April 11 Late 2023"]
[White "Pakleza, Zbigniew"]
[Black "Kollars, Dmitrij"]
[WhiteFideId "1119290"]
[BlackFideId "12909572"]
[WhiteElo "2410"]
[BlackElo "2584"]
[Result "0-1"]
[Round "09"]
[TimeControl "180+2"]
[Date "2023.04.11"]
[WhiteClock "0:00:05"]
[BlackClock "0:00:07"]

1. d4 Nf6 2. Nf3 e6 3. Bf4 c5 4. c3 h6 5. e3 Nc6 6. Nbd2 b6 7. h3 Bb7 8. Nc4 d5 9. Nce5 a6 10. Nxc6 Bxc6 11. Ne5 Qc8 12. Bd3 Be7 13. O-O O-O 14. Nxc6 Qxc6 15. Qe2 b5 16. Rfd1 c4 17. Bc2 b4 18. Rdb1 a5 19. Qd1 a4 20. cxb4 Bxb4 21. a3 Be7 22. Rc1 Ra7 23. Rab1 Rfa8 24. Be5 Nd7 25. Bg3 Bd6 26. Bxd6 Qxd6 27. e4 Nb8 28. exd5 exd5 29. Qh5 Nc6 30. Rd1 Rb8 31. Rd2 Qf4 32. Rbd1 Qg5 33. Qf3 g6 34. Qc3 Qf6 35. Re1 Kg7 36. g3 h5 37. h4 Rbb7 38. Kg2 Re7 39. Re3 Rxe3 40. Qxe3 Nd8 41. Qe2 Ne6 42. Qd1 g5 43. Qxh5 gxh4 44. Re2 Qh6 45. Qg4+ Kf8 46. Bf5 hxg3 47. Bxe6 Qh2+ 48. Kf3 fxe6 49. Qxg3 Rf7+ 50. Ke3 Qh6+ 51. f4 Rg7 52. Qh2 Qg6 53. Kd2 Qd3+ 54. Ke1 Qb1+ 55. Kf2 Qf5 56. Qh6 Kf7 57. Re3 Qc2+ 58. Re2 Qf5 59. Re3 Rh7 60. Qg5 Rh2+ 61. Kg1 Qxg5+ 62. fxg5 Rxb2 63. Rf3+ Kg6 64. Rf6+ Kxg5 65. Rxe6 c3 66. Rc6 c2 67. Kf2 c1=Q+ 0-1


[Site "https://www.chess.com"]

[Event "Titled Tuesday Blitz April 11 Late 2023"]
[White "Makarian, Rudik"]
[Black "Korchmar, Vasiliy"]
[WhiteFideId "44105681"]
[BlackFideId "24131750"]
[WhiteElo "2430"]
[BlackElo "2370"]
[Result "1-0"]
[Round "09"]
[TimeControl "180+2"]
[Date "2023.04.11"]
[WhiteClock "0:00:05"]
[BlackClock "0:00:02"]

1. d4 d5 2. c4 c6 3. Nf3 Nf6 4. Nc3 e6 5. Bg5 Nbd7 6. e3 Be7 7. Bd3 O-O 8. O-O dxc4 9. Bxc4 b5 10. Bd3 Bb7 11. Rc1 Rc8 12. a3 a5 13. Ne5 Nxe5 14. dxe5 Nd7 15. Bxe7 Qxe7 16. f4 Nc5 17. Bb1 b4 18. axb4 axb4 19. Ne2 g6 20. Nd4 Rfd8 21. Qe1 Na4 22. Rf2 c5 23. Nb5 c4 24. Nd6 Rxd6 25. exd6 Qxd6 26. Qd2 Qb6 27. Qd4 Qxd4 28. exd4 Bd5 29. Kf1 b3 30. Ke1 f5 31. Bd3 Nb6 32. Be2 Ra8 33. Bf3 Ra2 34. Rb1 Kf7 35. Kd2 Na4 36. Ke3 Ke7 37. g4 Kd6 38. Bd1 Be4 39. Rc1 Kd5 40. gxf5 gxf5 41. Bf3 1-0


[Site "https://www.chess.com"]

[Event "Titled Tuesday Blitz April 11 Late 2023"]
[White "Kamsky, Gata"]
[Black "Mortazavi, Ali"]
[WhiteFideId "2000024"]
[BlackFideId "401323"]
[WhiteElo "2660"]
[BlackElo "2339"]
[Result "1-0"]
[Round "09"]
[TimeControl "180+2"]
[Date "2023.04.11"]
[WhiteClock "0:00:58"]
[BlackClock "0:00:06"]

1. d4 Nf6 2. Bf4 g6 3. c3 Bg7 4. Nf3 O-O 5. Nbd2 d6 6. h3 c5 7. dxc5 dxc5 8. e4 Nc6 9. Be2 b6 10. O-O Bb7 11. Re1 Nd7 12. a4 Nde5 13. Qc2 e6 14. Nc4 Nxc4 15. Bxc4 Na5 16. Rad1 Qc8 17. Bf1 h6 18. h4 a6 19. Ne5 Rd8 20. Ng4 Kh7 21. e5 c4 22. h5 Qc6 23. hxg6+ fxg6 24. Nf6+ Bxf6 25. exf6 Rf8 26. Rd6 Qc5 27. Rexe6 Rf7 28. Be3 Qh5 29. Bxb6 Nb3 30. Qe2 Qxe2 31. Bxe2 Raf8 32. Bxc4 Rxf6 33. Bxb3 Rxe6 34. Rd7+ 1-0


[Site "https://www.chess.com"]

[Event "Titled Tuesday Blitz April 11 Late 2023"]
[White "Dobre, Claudiu-Cristian"]
[Black "Rustemov, Alexander"]
[WhiteFideId "1211854"]
[BlackFideId "4119002"]
[WhiteElo "2207"]
[BlackElo "2525"]
[Result "0-1"]
[Round "09"]
[TimeControl "180+2"]
[Date "2023.04.11"]
[WhiteClock "0:00:01"]
[BlackClock "0:00:27"]

1. e4 e6 2. d4 d5 3. exd5 exd5 4. Bd3 Nc6 5. c3 Bd6 6. Qf3 Nge7 7. Ne2 Be6 8. Bf4 Qd7 9. Bxd6 Qxd6 10. Qg3 Qxg3 11. Nxg3 h5 12. h4 g6 13. Nd2 b6 14. O-O-O Kf8 15. Rde1 Kg7 16. Nf3 Rae8 17. Re3 Bd7 18. Rhe1 f6 19. Ng1 Nc8 20. Rxe8 Rxe8 21. Rxe8 Bxe8 22. N1e2 N6e7 23. Nf4 Bf7 24. Nf1 Nd6 25. Ne3 g5 26. hxg5 fxg5 27. Nh3 Kf6 28. f3 c5 29. Kd2 Be6 30. Ng1 a5 31. Ne2 h4 32. b3 Nc6 33. a3 c4 34. bxc4 dxc4 35. Be4 Ne7 36. d5 Bd7 37. Nd4 b5 38. Nd1 Ke5 39. Ke3 Nxd5+ 40. Bxd5 Kxd5 41. Kf2 b4 42. axb4 axb4 43. Nc2 b3 44. Nce3+ Kc5 45. Nb2 Be6 0-1


[Site "https://www.chess.com"]

[Event "Titled Tuesday Blitz April 11 Late 2023"]
[White "Leitao, Rafael"]
[Black "Bortnyk, Olexandr"]
[WhiteFideId "2101246"]
[BlackFideId "14120828"]
[WhiteElo "2609"]
[BlackElo "2734"]
[Result "0-1"]
[Round "09"]
[TimeControl "180+2"]
[Date "2023.04.11"]
[WhiteClock "0:01:26"]
[BlackClock "0:02:35"]

1. c4 d6 2. Nc3 Nf6 3. g3 g6 4. Bg2 Bg7 5. d4 O-O 6. Nf3 Bf5 7. O-O Ne4 8. Nxe4 Bxe4 9. Be3 c6 10. Qd2 d5 11. Bh6 Bxh6 12. Qxh6 Bxf3 13. Bxf3 dxc4 14. Rfd1 e6 15. Rac1 Qa5 16. a3 Qb5 17. Rc2 Nd7 18. h4 Rad8 19. h5 Nf6 20. hxg6 fxg6 21. e3 Qf5 0-1


[Site "https://www.chess.com"]

[Event "Titled Tuesday Blitz April 11 Late 2023"]
[White "Bortnyk, Mykola"]
[Black "Remizov, Yaroslav"]
[WhiteFideId "14120836"]
[BlackFideId "34134015"]
[WhiteElo "2582"]
[BlackElo "2412"]
[Result "0-1"]
[Round "09"]
[TimeControl "180+2"]
[Date "2023.04.11"]
[WhiteClock "0:00:06"]
[BlackClock "0:00:07"]

1. e4 c5 2. c3 Nf6 3. e5 Nd5 4. Nf3 d6 5. Bc4 Nb6 6. Bb3 c4 7. Bc2 Nc6 8. exd6 e5 9. O-O Bxd6 10. b3 cxb3 11. axb3 O-O 12. Na3 Bg4 13. Re1 Rc8 14. Qe2 f5 15. Nc4 e4 16. Nxb6 axb6 17. Qc4+ Kh8 18. Nd4 Ne5 19. Qb5 Nf3+ 20. Nxf3 Bxf3 21. Qf1 Bxh2+ 22. Kxh2 Qh4+ 23. Kg1 Rf6 24. d4 Rg6 25. Bd1 Bxg2 26. Qxg2 Rxg2+ 27. Kxg2 h6 28. Rh1 Qe7 29. Bf4 Rxc3 30. Bh5 Kh7 31. Rae1 Rd3 32. Re3 Rxd4 33. Rg3 g5 34. Be3 f4 35. Bxd4 fxg3 36. fxg3 Qd6 37. Be3 Qd3 38. Re1 Qxb3 39. Kf2 b5 40. Rc1 Qb2+ 41. Be2 Qf6+ 42. Kg2 Qe5 43. Rc5 Qb2 44. Kf2 b4 45. Rc7+ Kg6 46. Rxb7 b3 47. Rb6+ Kg7 48. Rb4 Qf6+ 49. Kg2 b2 50. Rb7+ Kg6 51. g4 Qc3 52. Kf2 Qc2 53. Rb6+ Kf7 54. Rb7+ Ke8 55. Rb8+ Kd7 56. Rb7+ Kc8 57. Rb6 b1=Q 58. Rxb1 Qxb1 59. Bd4 Kd7 60. Be3 Qc2 61. Bd4 Qd2 62. Be3 Qb2 63. Ke1 Ke6 64. Bc4+ Ke5 65. Kf1 Qc3 0-1


[Site "https://www.chess.com"]

[Event "Titled Tuesday Blitz April 11 Late 2023"]
[White "Hambleton, Aman"]
[Black "Anton Guijarro, David"]
[WhiteFideId "2606577"]
[BlackFideId "2285525"]
[WhiteElo "2511"]
[BlackElo "2618"]
[Result "1-0"]
[Round "09"]
[TimeControl "180+2"]
[Date "2023.04.11"]
[WhiteClock "0:00:03"]
[BlackClock "0:00:04"]

1. d4 d6 2. e4 g6 3. c4 Bg7 4. Nc3 Nf6 5. f3 O-O 6. Be3 a6 7. Qd2 Nc6 8. Nge2 Rb8 9. Rc1 Bd7 10. Nd1 e6 11. Nf2 b5 12. c5 b4 13. Bg5 e5 14. d5 Nd4 15. Nxd4 exd4 16. c6 Bc8 17. Qf4 Re8 18. Be2 a5 19. Qh4 Re5 20. Nd3 h6 21. Bd2 Rh5 22. Qf2 Qe8 23. Nf4 Re5 24. Nd3 Nxe4 25. fxe4 Rxe4 26. Kf1 Ba6 27. Re1 Rxe2 28. Qxe2 Qxe2+ 29. Rxe2 Re8 30. Rxe8+ 1-0


[Site "https://www.chess.com"]

[Event "Titled Tuesday Blitz April 11 Late 2023"]
[White "Di Berardino, Diego Rafael"]
[Black "Corrales Jimenez, Fidel"]
[WhiteFideId "2105446"]
[BlackFideId "3506690"]
[WhiteElo "2432"]
[BlackElo "2541"]
[Result "0-1"]
[Round "09"]
[TimeControl "180+2"]
[Date "2023.04.11"]
[WhiteClock "0:00:07"]
[BlackClock "0:00:17"]

1. e4 c6 2. d4 d5 3. exd5 cxd5 4. c4 Nf6 5. Nc3 e6 6. Nf3 Be7 7. cxd5 Nxd5 8. Bd3 Nc6 9. O-O Nf6 10. Re1 O-O 11. a3 b6 12. Bc2 Bb7 13. Qd3 Re8 14. Bg5 g6 15. Rad1 Nd5 16. Bh6 Bf6 17. Ne4 Bg7 18. Bxg7 Kxg7 19. Ne5 Rc8 20. Ba4 Qh4 21. Nd6 Nxe5 22. dxe5 Qxa4 23. Nxb7 Re7 24. Nd6 Rc2 25. Qf3 Qf4 26. Qxf4 Nxf4 27. Re4 Nd5 28. g3 g5 29. b4 Kg6 30. Rde1 Rec7 31. h4 h6 32. hxg5 hxg5 33. Rg4 Rc1 34. Rxc1 Rxc1+ 35. Kg2 Rc2 36. Kf3 Rc3+ 37. Kg2 Rxa3 38. Ne4 Kf5 39. Kh3 Kxe5 40. Nxg5 f5 41. Rh4 f4 42. Rh6 fxg3 43. fxg3 Kf5 44. Nxe6 Ra1 45. Nd4+ Ke4 46. Nc6 Rh1+ 47. Kg2 Rxh6 0-1


[Site "https://www.chess.com"]

[Event "Titled Tuesday Blitz April 11 Late 2023"]
[White "Ibarra Jerez, Jose Carlos"]
[Black "Rastbod, Ali"]
[WhiteFideId "2226332"]
[BlackFideId "12567477"]
[WhiteElo "2638"]
[BlackElo "2248"]
[Result "1-0"]
[Round "09"]
[TimeControl "180+2"]
[Date "2023.04.11"]
[WhiteClock "0:02:22"]
[BlackClock "0:01:47"]

1. d4 Nf6 2. Bf4 d5 3. e3 c5 4. c3 Nc6 5. Nd2 cxd4 6. exd4 Bg4 7. Qb3 Qd7 8. Ngf3 e6 9. Ne5 Qc8 10. Bb5 Nd7 11. Nxg4 1-0


[Site "https://www.chess.com"]

[Event "Titled Tuesday Blitz April 11 Late 2023"]
[White "Coenen, Michael"]
[Black "Grigorjev, Iljya"]
[WhiteFideId "4697367"]
[BlackFideId "24159565"]
[WhiteElo "2328"]
[BlackElo "2323"]
[Result "0-1"]
[Round "09"]
[TimeControl "180+2"]
[Date "2023.04.11"]
[WhiteClock "0:00:12"]
[BlackClock "0:00:27"]

1. Nf3 Nf6 2. g3 g6 3. Bg2 Bg7 4. O-O O-O 5. d4 d5 6. c4 Nc6 7. cxd5 Nxd5 8. Nc3 Nb6 9. e3 Re8 10. h3 a5 11. Qe2 e5 12. dxe5 Nxe5 13. Nxe5 Bxe5 14. Rd1 Qe7 15. e4 Bd7 16. Be3 Bc6 17. Rac1 a4 18. Nd5 Bxd5 19. exd5 Qb4 20. Rc2 Rad8 21. a3 Qd6 22. Qb5 Bxg3 23. Bc5 Bh2+ 24. Kh1 Qe5 25. Bxb6 cxb6 26. Qxb6 Bf4 27. Qxb7 Qf5 28. Rc3 Rb8 29. Qc6 Rec8 30. Qxa4 Rxc3 31. bxc3 Bd6 32. Qe4 Qf6 33. c4 Qxf2 34. Qf3 Qb2 35. Rf1 Rf8 36. Qe3 Qc2 37. Rc1 Qf5 38. c5 Bf4 39. Qe1 Bxc1 40. Qxc1 Re8 41. d6 Qf2 42. d7 Re1+ 43. Kh2 Rxc1 44. d8=Q+ Kg7 45. Qd6 Qg1+ 46. Kg3 Rc3+ 47. Kh4 Qf2+ 0-1


[Site "https://www.chess.com"]

[Event "Titled Tuesday Blitz April 11 Late 2023"]
[White "Zarnicki, Pablo"]
[Black "Gharibyan, Mamikon"]
[WhiteFideId "100137"]
[BlackFideId "13308300"]
[WhiteElo "2468"]
[BlackElo "2445"]
[Result "1-0"]
[Round "09"]
[TimeControl "180+2"]
[Date "2023.04.11"]
[WhiteClock "0:00:28"]
[BlackClock "0:00:06"]

1. e4 e5 2. Nc3 Nf6 3. g3 c6 4. Nf3 d5 5. exd5 e4 6. Nd4 Bc5 7. Nb3 Bb6 8. Bg2 Bg4 9. f3 exf3 10. Bxf3 h5 11. d4 Qe7+ 12. Kf2 O-O 13. h3 Bxf3 14. Qxf3 Nxd5 15. Nxd5 cxd5 16. Re1 Qd7 17. Qxh5 Nc6 18. c3 Rae8 19. Bf4 a5 20. Rxe8 Rxe8 21. Re1 Rc8 22. Qg4 f5 23. Qg6 a4 24. Nc1 a3 25. bxa3 Ba5 26. Re3 Ne7 27. Qd6 Qxd6 28. Bxd6 Ng6 29. Bb4 Bc7 30. Nd3 Kf7 31. a4 b6 32. h4 f4 33. gxf4 Nxh4 34. Ne5+ Kf6 35. Nd7+ Kf5 36. Re7 Bxf4 37. Rxg7 Ra8 38. Nxb6 Re8 39. Rf7+ Ke4 40. Nxd5 Bd2 41. Nf6+ Kd3 42. Nxe8 Be3+ 43. Kg3 Ng6 44. Rf3 1-0


[Site "https://www.chess.com"]

[Event "Titled Tuesday Blitz April 11 Late 2023"]
[White "Chos, Alexey"]
[Black "Keymer, Vincent"]
[WhiteFideId "14117762"]
[BlackFideId "12940690"]
[WhiteElo "2234"]
[BlackElo "2651"]
[Result "0-1"]
[Round "09"]
[TimeControl "180+2"]
[Date "2023.04.11"]
[WhiteClock "0:00:41"]
[BlackClock "0:00:25"]

1. Nf3 d5 2. g3 c6 3. Bg2 Bg4 4. O-O Nd7 5. h3 Bh5 6. d4 Ngf6 7. c4 e6 8. cxd5 exd5 9. Ne5 Ne4 10. Bxe4 dxe4 11. Nc3 f6 12. Nxd7 Qxd7 13. Kh2 Bg6 14. Bf4 Rd8 15. e3 Be7 16. Qb3 Bf7 17. Qc2 g5 18. Qxe4 gxf4 19. gxf4 Bg6 20. Qf3 O-O 21. Rad1 Bb4 22. Ne2 Qd5 23. Qg3 Kh8 24. f3 Rg8 25. Qh4 Be7 26. Nc3 Qh5 27. Qxh5 Bxh5 28. e4 Bb4 29. Ne2 Bf7 30. b3 a5 31. e5 f5 32. Ng3 Be6 33. Nh5 Be7 34. Ng3 Rg7 35. Ne2 Rdg8 36. Rg1 Rxg1 37. Rxg1 Ra8 38. Nc3 Bb4 39. Na4 Rd8 40. Rd1 b5 41. Nb6 Bc5 42. d5 Bg8 43. e6 Bxe6 0-1


[Site "https://www.chess.com"]

[Event "Titled Tuesday Blitz April 11 Late 2023"]
[White "Sieciechowicz, Marcin"]
[Black "Howell, David W L"]
[WhiteFideId "1130170"]
[BlackFideId "410608"]
[WhiteElo "2302"]
[BlackElo "2567"]
[Result "0-1"]
[Round "09"]
[TimeControl "180+2"]
[Date "2023.04.11"]
[WhiteClock "0:00:03"]
[BlackClock "0:00:10"]

1. d4 f5 2. Nf3 Nf6 3. g3 b6 4. Bg2 Bb7 5. O-O e6 6. c4 Na6 7. d5 Bd6 8. Nc3 O-O 9. Nd4 Qe7 10. Ncb5 Nc5 11. Nxd6 cxd6 12. b4 Na6 13. a3 Nc7 14. Bb2 Rab8 15. a4 Qf7 16. b5 Ne4 17. dxe6 dxe6 18. Nb3 Ne8 19. a5 Qc7 20. axb6 axb6 21. Qd4 e5 22. Qd3 N8f6 23. Ra7 Ra8 24. Rfa1 Rxa7 25. Rxa7 Ra8 26. Rxa8+ Bxa8 27. Ba3 g6 28. h3 Kf7 29. Bb4 Bb7 30. g4 Bc8 31. g5 Ne8 32. Bxe4 fxe4 33. Qxe4 Bf5 34. Qc6 Qxc6 35. bxc6 Ke7 36. f3 Bxh3 37. e4 Kd8 38. Nc1 Kc7 39. Nd3 Kxc6 40. f4 Be6 41. fxe5 Bxc4 42. Nb2 Bb5 43. Bc3 dxe5 44. Bxe5 Nd6 45. Kf2 Nxe4+ 46. Ke3 Nxg5 0-1


[Site "https://www.chess.com"]

[Event "Titled Tuesday Blitz April 11 Late 2023"]
[White "Aldokhin, Ivan"]
[Black "Indjic, Aleksandar"]
[WhiteFideId "24115720"]
[BlackFideId "911925"]
[WhiteElo "2322"]
[BlackElo "2614"]
[Result "0-1"]
[Round "09"]
[TimeControl "180+2"]
[Date "2023.04.11"]
[WhiteClock "0:00:02"]
[BlackClock "0:01:15"]

1. e4 c6 2. Nc3 d5 3. d4 dxe4 4. Nxe4 Nf6 5. Nxf6+ exf6 6. c3 Bd6 7. Bd3 Na6 8. Ne2 Nc7 9. O-O Be6 10. Qc2 Qd7 11. Nf4 Bxf4 12. Bxf4 Nd5 13. Bd2 b5 14. b3 h5 15. c4 bxc4 16. bxc4 Ne7 17. Bb4 O-O 18. Bc5 Rfe8 19. Rfe1 Nf5 20. Qc3 Nh4 21. Bf1 Bg4 22. a4 Rxe1 23. Rxe1 Ng6 24. a5 a6 25. h3 Be6 26. Qf3 h4 27. Rd1 Rc8 28. Bb6 Bf5 29. d5 Ne5 30. Qf4 g5 31. Qd4 Bxh3 32. dxc6 Qxc6 33. Qd5 Be6 34. Qxc6 Rxc6 35. c5 Bc4 36. Rd8+ Kg7 37. Bxc4 Nxc4 38. Ra8 Re6 39. Rxa6 g4 40. Kh2 Nd2 41. Ra8 Re1 42. c6 Nf1+ 43. Kg1 Ng3+ 44. Kh2 Rh1# 0-1


[Site "https://www.chess.com"]

[Event "Titled Tuesday Blitz April 11 Late 2023"]
[White "Manzone, Alessandro"]
[Black "Holt, Conrad"]
[WhiteFideId "112488"]
[BlackFideId "2034387"]
[WhiteElo "2255"]
[BlackElo "2592"]
[Result "1-0"]
[Round "09"]
[TimeControl "180+2"]
[Date "2023.04.11"]
[WhiteClock "0:00:06"]
[BlackClock "0:00:07"]

1. d4 d5 2. c4 c6 3. Nf3 Nf6 4. Qc2 dxc4 5. e4 b5 6. b3 cxb3 7. axb3 e6 8. Bb2 Be7 9. Nc3 Bb7 10. Be2 O-O 11. O-O Nbd7 12. e5 Nd5 13. Nxd5 exd5 14. Bd3 g6 15. Bc1 c5 16. Bxb5 a6 17. Bxd7 Qxd7 18. Ba3 cxd4 19. Bxe7 Qxe7 20. Qd2 Rfb8 21. Qxd4 Bc6 22. Rfc1 Bd7 23. Rc3 Be6 24. Ra4 a5 25. h3 Rb5 26. Qd2 Rb4 27. Nd4 Bd7 28. Rxb4 Qxb4 29. Qe3 Qb6 30. Qf4 Re8 31. Rf3 Re7 32. Re3 Qb4 33. Qf6 Re8 34. e6 fxe6 35. Nxe6 Qe7 36. Qxe7 Rxe7 37. Nd4 Kf7 38. Rxe7+ Kxe7 39. Kf1 Kd6 40. Ke2 Kc5 41. Ke3 Kb4 42. f4 Kc3 43. g4 h6 44. f5 gxf5 45. gxf5 Bxf5 46. Nxf5 Kxb3 47. Kd4 a4 48. Kd3 a3 49. Nd4+ Kb2 50. Nc2 a2 51. h4 h5 52. Kd2 Kb1 53. Kd1 Kb2 54. Kd2 d4 55. Kd3 Kc1 56. Na1 Kb1 57. Nc2 Kc1 58. Nxd4 a1=Q 59. Nb3+ Kb2 60. Nxa1 Kxa1 61. Ke4 Kb2 62. Kf5 Kc3 63. Kg5 Kd4 64. Kxh5 Ke5 65. Kg6 Ke6 66. h5 1-0


[Site "https://www.chess.com"]

[Event "Titled Tuesday Blitz April 11 Late 2023"]
[White "Mekhitarian, Krikor Sevag"]
[Black "Filgueira, Hernan"]
[WhiteFideId "2107660"]
[BlackFideId "101770"]
[WhiteElo "2604"]
[BlackElo "2363"]
[Result "1-0"]
[Round "09"]
[TimeControl "180+2"]
[Date "2023.04.11"]
[WhiteClock "0:00:15"]
[BlackClock "0:00:20"]

1. Nf3 d6 2. d4 g6 3. c4 f5 4. Nc3 Nf6 5. g3 Bg7 6. Bg2 O-O 7. O-O Qe8 8. d5 Na6 9. Nd4 e5 10. dxe6 c6 11. b3 Bxe6 12. Nxe6 Qxe6 13. Bb2 Rfe8 14. e3 h5 15. Qc2 Nc7 16. Rad1 Rad8 17. Ne2 Qf7 18. Nf4 Ne6 19. Nxe6 Qxe6 20. Rd3 Rd7 21. Rfd1 Red8 22. Bd4 a6 23. b4 Ne4 24. Bxg7 Kxg7 25. Rd4 Nf6 26. a4 d5 27. c5 Ne4 28. Qb3 Re7 29. Qb2 Kh7 30. Qc2 Rc8 31. h4 Nf6 32. Bf3 Ne4 33. Kg2 Nf6 34. Qd3 Ne4 35. Rc1 Ra8 36. Rc2 Rf7 37. Qb3 Re7 38. Rd1 Rf7 39. Qd3 Re7 40. Qd4 Rf7 41. Rb2 Re7 42. Rdb1 Ra7 43. b5 axb5 44. axb5 Ra5 45. bxc6 bxc6 46. Rb8 Rg7 47. R1b7 Nf6 48. Rxg7+ Kxg7 49. Rb6 Ra7 50. Qf4 Rd7 51. Qa4 Rc7 52. Qa8 Qe7 53. Rxc6 Rxc6 54. Qxc6 Ne4 55. Qxd5 Nxc5 56. Qd4+ Kh7 57. Qf4 Nd7 58. Qc7 Qe6 59. Bc6 1-0


[Site "https://www.chess.com"]

[Event "Titled Tuesday Blitz April 11 Late 2023"]
[White "Klenburg, Michael"]
[Black "Goltsev, Dmitry"]
[WhiteFideId "14102072"]
[BlackFideId "24176710"]
[WhiteElo "2396"]
[BlackElo "2336"]
[Result "0-1"]
[Round "09"]
[TimeControl "180+2"]
[Date "2023.04.11"]
[WhiteClock "0:00:55"]
[BlackClock "0:00:54"]

1. g3 h5 2. Nf3 b6 3. d3 Bb7 4. e4 e6 5. Nbd2 d5 6. Bg2 Nf6 7. e5 Nfd7 8. c3 Be7 9. O-O c5 10. a3 Nc6 11. d4 g5 12. Nb3 g4 13. Ne1 Ba6 14. Be3 Bxf1 15. Bxf1 a6 16. Ng2 Qc7 17. Nf4 c4 18. Nd2 b5 19. f3 gxf3 20. Qxf3 O-O-O 21. Nxh5 Ndxe5 22. dxe5 Nxe5 23. Qe2 Bc5 24. Bd4 Nd3 25. Nf6 e5 26. Bxc5 Qxc5+ 27. Kg2 Rh6 28. Ng4 Rg6 29. Nf2 Nf4+ 0-1


[Site "https://www.chess.com"]

[Event "Titled Tuesday Blitz April 11 Late 2023"]
[White "Ibadov, Dashgyn"]
[Black "Kushko, Dmitriy"]
[WhiteFideId "24107514"]
[BlackFideId "14162261"]
[WhiteElo "2208"]
[BlackElo "2230"]
[Result "0-1"]
[Round "09"]
[TimeControl "180+2"]
[Date "2023.04.11"]
[WhiteClock "0:00:02"]
[BlackClock "0:00:17"]

1. e4 g6 2. d4 Bg7 3. Nc3 d6 4. Nf3 a6 5. Be3 b5 6. Bd3 Bb7 7. O-O Nd7 8. a4 b4 9. Ne2 Ngf6 10. Ng3 O-O 11. h3 c5 12. c3 bxc3 13. bxc3 Qc7 14. Rb1 Rfb8 15. Qe2 e6 16. Rfc1 Bc6 17. Bd2 Bxa4 18. Bxa6 Bc6 19. Bd3 Ra2 20. Rxb8+ Qxb8 21. Rb1 Rb2 22. Qe1 Rxb1 23. Bxb1 Qb5 24. Bf4 cxd4 25. Nxd4 Qc5 26. Nxc6 Qxc6 27. Qd2 d5 28. Qe3 Nc5 29. Be5 Nfxe4 30. Bxg7 Kxg7 0-1


[Site "https://www.chess.com"]

[Event "Titled Tuesday Blitz April 11 Late 2023"]
[White "Yuan, Qingyu"]
[Black "Belov, Alexei"]
[WhiteFideId "8609772"]
[BlackFideId "4128206"]
[WhiteElo "2359"]
[BlackElo "2421"]
[Result "1-0"]
[Round "09"]
[TimeControl "180+2"]
[Date "2023.04.11"]
[WhiteClock "0:00:14"]
[BlackClock "0:00:33"]

1. e4 e6 2. d4 d5 3. Nd2 Nf6 4. e5 Nfd7 5. c3 c5 6. f4 Nc6 7. Ndf3 Qb6 8. a3 a5 9. b3 Be7 10. h4 f6 11. Bd3 O-O 12. Ne2 h6 13. Bc2 cxd4 14. cxd4 fxe5 15. fxe5 Rf7 16. Bg6 Rf8 17. Bc2 Rf7 18. Qd3 Nf8 19. O-O Qd8 20. h5 b6 21. Be3 Ba6 22. Qd2 Rc8 23. Rf2 Qe8 24. Nf4 Rxf4 25. Bxf4 Qxh5 26. Be3 Qg4 27. Nh2 Qh5 28. Bd3 Bxd3 29. Qxd3 Ng6 30. g4 Qh3 31. Rf3 Ncxe5 32. dxe5 Nxe5 33. Rxh3 Nxd3 34. Bd4 Nf4 35. Re3 Bg5 36. Kh1 Rc2 37. Nf3 Ne2 38. Nxg5 Nxd4 39. Nxe6 Nc6 40. Rd1 d4 41. Nxd4 Nxd4 42. Rxd4 Rc1+ 43. Kg2 Rc2+ 44. Kf3 Rc6 45. a4 Rf6+ 46. Rf4 Rg6 47. Rfe4 Kf7 48. Re7+ Kg8 49. R7e6 1-0


[Site "https://www.chess.com"]

[Event "Titled Tuesday Blitz April 11 Late 2023"]
[White "Novik, Maxim"]
[Black "Kosteniuk, Alexandra"]
[WhiteFideId "4102924"]
[BlackFideId "4128125"]
[WhiteElo "2287"]
[BlackElo "2453"]
[Result "0-1"]
[Round "09"]
[TimeControl "180+2"]
[Date "2023.04.11"]
[WhiteClock "0:00:01"]
[BlackClock "0:00:03"]

1. c4 f5 2. d4 Nf6 3. g3 g6 4. Bg2 Bg7 5. Nf3 O-O 6. O-O d6 7. Qb3 Nc6 8. Rd1 a5 9. c5+ e6 10. cxd6 cxd6 11. Nc3 d5 12. Bf4 Ne4 13. Rac1 a4 14. Nxa4 g5 15. Be5 Nxe5 16. Nxe5 Bxe5 17. dxe5 Bd7 18. Nb6 g4 19. Nxa8 Qxa8 20. f3 gxf3 21. Bxf3 Qa7+ 22. e3 Ng5 23. Bg2 Bc6 24. Rd4 Nf7 25. g4 Nxe5 26. gxf5 Rxf5 27. Rf1 Rxf1+ 28. Kxf1 Qc5 29. Qd1 Be8 30. Kg1 Bg6 31. h3 Bf5 32. Kh2 Nc4 33. Qe1 Bg6 34. b3 Nd6 35. Qb4 Qc7 36. Kh1 Nf5 37. Qd2 Qg3 38. Rg4 Qe5 39. e4 Qa1+ 40. Kh2 Qe5+ 41. Kg1 Qa1+ 42. Bf1 Nd4 43. Qf2 dxe4 44. h4 Nf3+ 45. Kg2 Qe5 46. Qg3 Qb2+ 47. Kh1 Qc1 48. Qg2 Qh6 49. Be2 Nxh4 50. Qh2 Qc1+ 51. Rg1 Qe3 52. Qxh4 Qxe2 53. Qd8+ Kg7 54. Qe7+ Kh6 55. Qh4+ Kg7 56. Qe7+ Kh6 57. Qg5+ Kg7 58. Rc1 Qf3+ 59. Qg2 Qh5+ 60. Kg1 e3 61. Rc7+ Kf6 62. Qf1+ Bf5 0-1


[Site "https://www.chess.com"]

[Event "Titled Tuesday Blitz April 11 Late 2023"]
[White "Rozman, Levy"]
[Black "Silva, Caio Henrique Angelico"]
[WhiteFideId "2039877"]
[BlackFideId "22777210"]
[WhiteElo "2376"]
[BlackElo "2096"]
[Result "1-0"]
[Round "09"]
[TimeControl "180+2"]
[Date "2023.04.11"]
[WhiteClock "0:00:18"]
[BlackClock "0:00:04"]

1. e4 c6 2. d4 d5 3. f3 g6 4. Nc3 Bg7 5. Be3 dxe4 6. fxe4 Nf6 7. h3 Qa5 8. Qd2 Nbd7 9. Nf3 O-O 10. Bd3 e5 11. O-O exd4 12. Bxd4 Nc5 13. Qg5 Nfd7 14. Bxg7 Kxg7 15. Kh1 Qd8 16. Qg3 Qe7 17. e5 Nb6 18. Rae1 Be6 19. Ng5 Rad8 20. Rf6 Nbd7 21. Ref1 Nxd3 22. cxd3 Nc5 23. R1f3 h6 24. Nge4 Nxe4 25. Nxe4 Bd5 26. Nd6 Bxf3 27. Nf5+ Kh8 28. Nxe7 Bh5 29. Qe3 Rde8 30. Qxh6# 1-0


[Site "https://www.chess.com"]

[Event "Titled Tuesday Blitz April 11 Late 2023"]
[White "Martin Barcelo, Carles"]
[Black "Weetik, Vjacheslav"]
[WhiteFideId "24561444"]
[BlackFideId "4153472"]
[WhiteElo "2089"]
[BlackElo "2469"]
[Result "0-1"]
[Round "09"]
[TimeControl "180+2"]
[Date "2023.04.11"]
[WhiteClock "0:00:10"]
[BlackClock "0:00:09"]

1. e4 c5 2. Nf3 Nc6 3. Nc3 g6 4. d4 cxd4 5. Nxd4 Bg7 6. Be3 Nf6 7. Be2 O-O 8. O-O d5 9. exd5 Nxd5 10. Nxc6 bxc6 11. Bd4 Nxc3 12. Bxc3 Bxc3 13. bxc3 Qxd1 14. Rfxd1 Be6 15. Bf3 Rfc8 16. Rab1 Rab8 17. a3 c5 18. h4 Kf8 19. Kh2 Rb6 20. Rxb6 axb6 21. a4 Bf5 22. Rb1 Bxc2 23. Rxb6 Bxa4 24. h5 Kg7 25. Kg3 Rd8 26. Ra6 Bb3 27. Rc6 c4 28. Be2 Rd6 29. Rc7 Kf6 30. hxg6 hxg6 31. Bxc4 Bxc4 32. Rxc4 Rd2 33. Rc8 Rc2 34. Kf3 Kf5 35. Ke3 e5 36. g3 g5 37. Rc6 g4 38. Rc7 f6 39. Rc6 Kg5 40. Rc5 Kf5 41. Rc6 Rc1 42. Kd2 Rf1 43. Ke2 Ra1 44. Kd2 Ke4 45. Rxf6 Ra2+ 46. Ke1 Kd3 47. Rf5 Ra1# 0-1


[Site "https://www.chess.com"]